 Dungeon Crawl Stone Soup version 0.19.4-10-g532645f (webtiles) character file.

97 tof the Shield-Bearer (level 4, 0/40 HPs)
             Began as a Minotaur Fighter on Feb 25, 2017.
             Slain by an ogre
             ... wielding a +0 giant spiked club
              (2 damage)
             ... on level 3 of the Dungeon.
             The game lasted 00:03:05 (1490 turns).

tof the Shield-Bearer (Minotaur Fighter)            Turns: 1490, Time: 00:03:05

Health: 0/40       AC:  9    Str: 20    XL:     4   Next: 42%
Magic:  3/3        EV:  8    Int:  5    God:
Gold:   154        SH:  9    Dex: 11    Spells: 0 memorised, 3 levels left

rFire  . . .     SeeInvis .     a - +0 flail
rCold  . . .     Gourm    .     b - +0 scale mail
rNeg   . . .     Faith    .     c - +0 shield
rPois  .         Spirit   .     (helmet restricted)
rElec  .         Reflect  .     (no cloak)
rCorr  .         Harm     .     (no gloves)
MR     +....                    i - +1 pair of boots
Stlth  ..........               (no amulet)
                                (no ring)
                                p - ring of protection from magic

@: no status effects
A: retaliatory headbutt, horns 2
a: no special abilities


You were on level 3 of the Dungeon.
You were not hungry.

You visited 1 branch of the dungeon, and saw 3 of its levels.

You collected 154 gold pieces.

Inventory:

Hand Weapons
 a - a +0 flail (weapon)
Armour
 b - a +0 scale mail (worn)
 c - a +0 shield (worn)
 i - a +1 pair of boots (worn)
Jewellery
 p - a ring of protection from magic (left hand)
Wands
 o - a wand of digging (14/24)
Scrolls
 k - 2 scrolls of identify {unknown}
 l - a scroll of recharging {unknown}
 m - a scroll of remove curse
 n - 2 scrolls of teleportation {unknown}
 q - a scroll of immolation {unknown}
Potions
 d - 2 potions of might
 e - a potion of invisibility {unknown}
 g - a potion of agility {unknown}
 h - a potion of curing {unknown}
 r - a potion of heal wounds {unknown}
 t - a potion of brilliance {unknown}
Comestibles
 f - a bread ration
 j - 4 beef jerkies
 s - 4 chunks of flesh


   Skills:
 + Level 4.3 Fighting
 + Level 3.3 Maces & Flails
 + Level 4.3 Armour
 + Level 1.0 Dodging
 + Level 4.5 Shields


You had 3 spell levels left.
You didn't know any spells.

Dungeon Overview and Level Annotations

Branches:
Dungeon (3/15)

Altars:
Dithmenos
Nemelex Xobeh


Innate Abilities, Weirdness & Mutations

You reflexively headbutt those who attack you in melee.
You have a pair of horns on your head.


Message History

a hunting sling; 21 sling bullets; a goblin corpse You hit the ogre but do no damage.
The goblin moves out of view.
The ogre hits you with a giant spiked club!!
Ouch! That really hurt!
You closely miss the ogre. You block the ogre's attack.
Some of the chunks of flesh in your inventory have rotted away.
You hit the ogre.
The ogre is lightly wounded.
The ogre misses you.
You sock the ogre!
The ogre is heavily wounded.
The ogre hits you with a giant spiked club!
* * * LOW HITPOINT WARNING * * *
You are too injured to fight recklessly!
You are too injured to fight recklessly!
You are too injured to fight recklessly!
You hit the ogre. You headbutt the ogre!
The ogre is almost dead.
The ogre hits you with a giant spiked club.
You die...

#.# #.####..#
......>.# #.#.....#
## #.###..## ..
....#..# ###.
..#.#..# ..g
###....# ###O###
##.).# #...@.#
#...######.###.#
#..............#
##.#.#######†#.#
#...........#.#
##.#..........#
#...##########
##..........
#######..###########


You could see an ogre and a goblin.

Vanquished Creatures
  6 adders
  A worm (D:3)
  A dart slug (D:2)
  A leopard gecko (D:1)
  A giant cockroach (D:2)
  2 goblins
  2 hobgoblins (D:2)
  8 jackals (D:3)
  5 bats
  A frilled lizard (D:2)
  8 kobolds
  2 rats
38 creatures vanquished.

Notes
Turn   | Place    | Note
-------+----------+-------------------------------------------
     0 | D:1      | tof the Minotaur Fighter began the quest for the Orb.
     0 | D:1      | Reached XP level 1. HP: 19/19 MP: 0/0
   435 | D:1      | Found a shadowy altar of Dithmenos.
   670 | D:2      | Reached XP level 2. HP: 19/27 MP: 1/1
   830 | D:2      | Found a sparkling altar of Nemelex Xobeh.
  1018 | D:2      | Reached XP level 3. HP: 33/33 MP: 2/2
  1296 | D:3      | Reached XP level 4. HP: 39/40 MP: 3/3
  1327 | D:3      | Reached skill level 1 in Dodging
  1483 | D:3      | Noticed an ogre
  1489 | D:3      | HP: 2/40 [ogre/giant spiked club (17)]
  1490 | D:3      | Slain by an ogre

Skill      XL: |  1  2  3  4 |
---------------+-------------+-----
Armour         | 4 |  4.3
Shields        | 4 |  4.5
Fighting       | 4 |  4.3
Maces & Flails | 3 |  3.3
Dodging        | 1 |  1.0

Action                   |  1- 3 |  4- 6 || total
-------------------------+-------+-------++-------
Melee: Flail             |    92 |    27 ||   119
       Headbutt          |    12 |     5 ||    17
  Use: Scroll            |     2 |       ||     2
  Eat: Chunk             |     1 |     1 ||     2
Armor: Scale mail        |    49 |    14 ||    63
Dodge: Dodged            |    29 |    17 ||    46
Block: Shield            |    43 |    19 ||    62
